 Dungeon Crawl Stone Soup version 0.27-a0-1359-ga2a4dfd6fd (webtiles) character file.

Game seed: 1387634863246854882

91 dickylongcocking the Skirmisher (level 4, -1/36 HPs)
             Began as a Djinni Fire Elementalist on June 29, 2021.
             Slain by Crazy Yiuf (4 damage)
             ... on level 2 of the Dungeon.
             The game lasted 00:02:22 (2786 turns).

dickylongcocking the Skirmisher (DjFE)              Turns: 2786, Time: 00:02:23

Health: -1/36      AC:  2    Str:  7    XL:     4   Next: 87%
Gold:   63         EV: 12    Int: 18    God:
                   SH:  0    Dex: 13

rFire    + + .     SeeInvis .   k - +0 whip (elec)
rCold    x . .     Faith    .   (no shield)
rNeg     . . .     Spirit   .   a - +0 robe
rPois    ∞         Reflect  .   (no helmet)
rElec    .         Harm     .   (no cloak)
rCorr    .         Rampage  .   (no gloves)
Will     .....                  (boots unavailable)
Stlth    ++........             (no amulet)
HPRegen  0.12/turn              (no ring)
MPRegen  0.00/turn              (no ring)

@: flying
A: sickness immunity, fire resistance 2, cold vulnerability 1, float, innate
caster, hp casting, extra vitality 1
a: no special abilities


You were on level 2 of the Dungeon.
You visited 1 branch of the dungeon, and saw 2 of its levels.

You collected 63 gold pieces.

Inventory:

Hand Weapons
 c - a +0 spear
 k - a +0 whip of electrocution (weapon)
Armour
 a - a +0 robe (worn)
Scrolls
 b - a scroll of immolation {unknown}
 d - a scroll of enchant weapon {unknown}
 e - 2 scrolls of identify {unknown}
 f - a scroll of torment {unknown}
 g - a scroll of magic mapping {unknown}
 i - a scroll of fear {unknown}
 j - a scroll of summoning {unknown}
Potions
 h - 4 potions of curing {unknown}


   Skills:
 * Level 3.6 Fighting
 - Level 2.2 Dodging
 - Level 1.6 Stealth
 * Level 2.7 Spellcasting


You couldn't memorise any spells.
You knew the following spells:

 Your Spells              Type           Power      Damage    Failure   Level
a - Foxfire               Conj/Fire      48%        2x1d6     5%          1
b - Conjure Flame         Conj/Fire      12%        6-21      16%         3
c - Inner Flame           Hex/Fire       12%        N/A       16%         3
d - Sticky Flame          Conj/Fire      12%        2d4       47%         4
e - Fireball              Conj/Fire      6%         3d5       83%         5
f - Shock                 Conj/Air       48%        1d6       5%          1
Your spell library was empty.

Dungeon Overview and Level Annotations

Branches:
Dungeon (2/15)

Altars:

Annotations:
D:2 Crazy Yiuf


Innate Abilities, Weirdness & Mutations

You are immune to sickness and miasma.
You are immune to poison.
Your flesh is very heat resistant. (rF++)
You are vulnerable to cold. (rC-)
You float through the air rather than walking.
You learn spells naturally, not from books.
Your magical power is your life essence.
You have superior vitality. (+4 HP)


Message History

You conjure some foxfire!
Crazy Yiuf hits you with a +2 quarterstaff of chaos.
Unknown command.
Unknown command.
Unknown command.
Your foxfire dissipates!
The foxfire hits Crazy Yiuf.
Crazy Yiuf is severely wounded.
Casting: Foxfire (safe; 5% risk of failure)
Confirm with . or Enter, or press ? or * to list all spells.
You conjure some foxfire!
Crazy Yiuf barely misses you.
Unknown command.
Unknown command.
Unknown command.
The foxfire hits Crazy Yiuf.
Crazy Yiuf is severely wounded.
The foxfire hits Crazy Yiuf but does no damage.
Crazy Yiuf is severely wounded.
Unknown command.
Casting: Foxfire (safe; 5% risk of failure)
Confirm with . or Enter, or press ? or * to list all spells.
You conjure some foxfire!
Unknown command.
Unknown command.
Unknown command.
Casting: Foxfire (safe; 5% risk of failure)
Confirm with . or Enter, or press ? or * to list all spells.
Okay, then.
Casting: Foxfire (safe; 5% risk of failure)
Confirm with . or Enter, or press ? or * to list all spells.
You conjure some foxfire!
* * * LOW HITPOINT WARNING * * *
The foxfire hits Crazy Yiuf but does no damage.
Crazy Yiuf is severely wounded.
The foxfire hits Crazy Yiuf but does no damage.
Crazy Yiuf is severely wounded.
Crazy Yiuf hits you with a +2 quarterstaff of chaos!
* * * LOW HITPOINT WARNING * * *
Crazy Yiuf freezes you.
You die...

##### ....# ###.# #.#
#####
#.###########v@.##
###............vg..##
...>####.#######....#
.........# ##..##
###.######### #P#.P#
#.#.....<.# ##P..#
###.#.####.## ##.##
..#.#.# #.# ##.#
..#.#.####.# #.##


You could see Crazy Yiuf (ally target).

Vanquished Creatures
  4 gnolls (D:2)
  An adder (D:2)
  A worm (D:2)
  A dart slug (D:1)
  4 ball pythons
  An endoplasm (D:2)
  2 giant cockroaches
  5 goblins
  4 hobgoblins
  3 kobolds
  2 quokkas (D:2)
  3 bats
  9 rats (D:1)
40 creatures vanquished.

Vanquished Creatures (others)
  178 foxfires
  2 fungi (D:2)
180 creatures vanquished.

Grand Total: 220 creatures vanquished

Notes
Turn   | Place    | Note
-------+----------+-------------------------------------------
     0 | D:1      | dickylongcocking the Djinni Fire Elementalist began the
                  | quest for the Orb.
     0 | D:1      | Reached XP level 1. HP: 15/15 MP: 0/0
   623 | D:1      | Reached XP level 2. HP: 17/21 MP: 0/0
   739 | D:1      | Reached skill level 1 in Fighting
   998 | D:1      | Reached XP level 3. HP: 16/27 MP: 0/0
   998 | D:1      | Learned a level 1 spell: Shock
  1456 | D:2      | Reached skill level 2 in Fighting
  1869 | D:2      | Reached XP level 4. HP: 23/34 MP: 0/0
  2008 | D:2      | Reached skill level 3 in Fighting
  2763 | D:2      | Found a runed translucent door.
  2764 | D:2      | Noticed Crazy Yiuf
  2786 | D:2      | Slain by Crazy Yiuf

Illustrated notes

Levels and vault maps discovered:
D:1:      dpeg_arrival_prison, layout_rooms, serial_glass, glass_columns_a,
          glass_columns_a, item_on_display_a, feat_on_display,
          minmay_strange_pillars, nrook_mini_backslash
D:2:      layout_basic, minivault_5, grunt_ministairs_2, uniq_crazy_yiuf_cottage

Skill      XL: |  1  2  3  4 |
---------------+-------------+-----
Fighting       | 1 2 3 |  3.6
Dodging        | |  2.2
Stealth        | |  1.6
Spellcasting   | |  2.7

Action                   |  1- 3 |  4- 6 || total
-------------------------+-------+-------++-------
Melee: Spear             |     3 |     6 ||     9
       Whip              |       |     8 ||     8
 Cast: Foxfire           |    81 |    36 ||   117
       Inner Flame       |     1 |       ||     1
Armor: Robe              |     2 |     1 ||     3
Dodge: Dodged            |    17 |     6 ||    23

Table legend: (Time is in decaauts)
 A = Elapsed time spent in this place.
 B = Non-inter-level travel time spent in this place.
 C = Inter-level travel time spent in this place.
 D = Time resting spent in this place.
 E = Time spent auto-exploring this place.
 F = Levels seen in this place.
 G = Mean time per level.
                   A        B        C        D        E       F      G
               +--------+--------+--------+--------+--------+-----+--------+
         Total |   2786 |   2762 |     24 |      0 |   2449 |   2 | 1393.0 |
       Dungeon |   2786 |   2762 |     24 |      0 |   2449 |   2 | 1393.0 |
               +--------+--------+--------+--------+--------+-----+--------+

Top non-repeatable levels by time:
     D:2: 1408 daAuts
     D:1: 1378 daAuts
